 Dungeon Crawl Stone Soup version 0.24-a0-584-g9d6b971ae4 (webtiles) character file.

Game seed: 10212606839691496656, levelgen mode: deterministic

32 jjplay175 the Skirmisher (level 3, 0/29 HPs)
             Began as a Demonspawn Monk on Aug 31, 2019.
             Succumbed to an adder's poison
             ... on level 2 of the Dungeon.
             The game lasted 00:05:10 (1205 turns).

jjplay175 the Skirmisher (Demonspawn Monk)          Turns: 1205, Time: 00:05:10

Health: 0/29       AC:  3    Str: 12    XL:     3   Next: 10%
Magic:  3/3        EV: 13    Int: 11    God:
Gold:   39         SH:  0    Dex: 15    Spells: 2/2 levels left

rFire    . . .     SeeInvis .   a - +0 falchion
rCold    . . .     Gourm    .   (no shield)
rNeg     . . .     Faith    .   d - +0 leather armour
rPois    .         Spirit   .   (no helmet)
rElec    .         Reflect  .   (no cloak)
rCorr    .         Harm     .   (no gloves)
MR       .....                  (no boots)
Stlth    ++........             (no amulet)
HPRegen  0.09/turn              (no ring)
MPRegen  0.08/turn              (no ring)

@: lethally poisoned (0 -> -3)
A: talons 1
a: no special abilities


You were on level 2 of the Dungeon.
You were not hungry.

You visited 1 branch of the dungeon, and saw 2 of its levels.

You collected 39 gold pieces.

Inventory:

Hand Weapons
 a - a +0 falchion (weapon)
Armour
 b - a +0 robe
 d - a +0 leather armour (worn)
Scrolls
 e - a scroll of blinking {unknown}
 g - 4 scrolls of remove curse {unknown}
 j - a scroll of identify {unknown}
 m - a scroll of enchant weapon {unknown}
Potions
 h - a potion of brilliance {unknown}
 i - a potion of lignification {unknown}
 k - a potion of heal wounds {unknown}
 l - a potion of invisibility {unknown}
Comestibles
 c - 4 rations
 f - 4 chunks of flesh


   Skills:
 + Level 3.3 Fighting
 * Level 3.0 Long Blades
 + Level 3.0 Dodging
 + Level 2.3 Stealth


You had 2 spell levels left.
You didn't know any spells.
Your spell library was empty.

Dungeon Overview and Level Annotations

Branches:
Dungeon (2/15)

Altars:


Innate Abilities, Weirdness & Mutations

You have sharp toenails.


Message History

The adder is severely wounded.
* * * LOW HITPOINT WARNING * * *
You feel sick.
* * * LOW HITPOINT WARNING * * *
You feel sick.
* * * LOW HITPOINT WARNING * * *
You feel sick. The adder bites you.
* * * LOW HITPOINT WARNING * * *
* * * LOW HITPOINT WARNING * * *
You feel sick. The adder barely misses you.
You riposte.
You miss the adder. Your kick misses the adder.
The adder is severely wounded.
* * * LOW HITPOINT WARNING * * *
You feel sick. The adder bites you but does no damage.
* * * LOW HITPOINT WARNING * * *
You feel sick. The adder bites you but does no damage.
You die...

#.>..## #.#####.#
#...## #.# #.#
#... #.# #.# #.#
#s# #.#####.#
#.....#S######
#####.#S#....#
#...<.#.#.##.#
#.###.#@#.##.#
#.#.#.#.#.##.#
####.#...#.#.##.#
#......#.#.#.##.#
#.##.#####.#.##.#
#.##.......#.##.#
#.##########.##.##
#.# #......).....#
#.# #.######.#####


You could see an adder, a giant cockroach and a ball python.

Vanquished Creatures
  A worm (D:2)
  2 dart slugs (D:1)
  2 bats (D:1)
  5 giant cockroaches (D:1)
  3 goblins (D:1)
  3 hobgoblins
  3 kobolds (D:1)
  A ball python (D:1)
  A frilled lizard (D:1)
  A rat (D:2)
22 creatures vanquished.

Notes
Turn   | Place    | Note
-------+----------+-------------------------------------------
     0 | D:1      | jjplay175 the Demonspawn Monk began the quest for the Orb.
     0 | D:1      | Reached XP level 1. HP: 18/18 MP: 1/1
   211 | D:1      | Gained mutation: You have sharp toenails. [demonic
                  | ancestry]
   211 | D:1      | Reached XP level 2. HP: 21/24 MP: 2/2
  1010 | D:2      | Reached XP level 3. HP: 29/29 MP: 3/3
  1197 | D:2      | HP: 1/29 [poisoned by an adder]
  1205 | D:2      | Succumbed to an adder's poison

Levels and vault maps discovered:
D:1:      minmay_arrival_widening_spiral_narrow, layout_basic, st_stairs_12,
          minmay_misc_feat_plants
D:2:      layout_basic, serial_bayou_pond_d

Skill      XL: |  1  2 |
---------------+-------+-----
Stealth        | 2 |  2.3
Long Blades    | 3 |  3.0
Dodging        | 3 |  3.0
Fighting       | |  3.3

Action                   || total
-------------------------++-------
Melee: Falchion          ||    68
       Kick              ||    14
 Stab: Sleeping          ||     4
  Eat: Chunk             ||     1
Armor: Leather armour    ||    16
Dodge: Dodged            ||    53
       Rpst.: Falchion   ||    17

Table legend:
 A = Non-vault XP
 B = Vault XP
 C = Vault XP percentage of total XP
 D = Non-vault monster count
 E = Vault monster count
 F = Vault count percentage of total count
                 A         B        C        D         E       F
            +---------+---------+-------+---------+---------+-------
      Total |      46 |       1 |   2.1 |      21 |       1 |   4.5
            +---------+---------+-------+---------+---------+-------
        D:1 |      38 |       1 |   2.6 |      18 |       1 |   5.3
        D:2 |       8 |       0 |   0.0 |       3 |       0 |   0.0
            +---------+---------+-------+---------+---------+-------
